 Dungeon Crawl Stone Soup version 0.23-a0-141-g456867d (webtiles) character file.

203 corax the Skirmisher (level 5, -3/42 HPs)
             Began as a Mummy Fighter on Aug 31, 2018.
             Was an Initiate of Gozag.
             Slain by an orc warrior
             ... wielding a +0 halberd
              (9 damage)
             ... on level 7 of the Dungeon.
             The game lasted 00:09:15 (4091 turns).

corax the Skirmisher (Mummy Fighter)                Turns: 4091, Time: 00:09:16

Health: -3/42      AC:  6    Str: 20    XL:     5   Next: 51%
Magic:  5/5        EV:  9    Int:  7    God:    Gozag
Gold:   324        SH:  0    Dex: 12    Spells: 4/4 levels left

rFire    x . .     SeeInvis .   b - +0 blowgun
rCold    + . .     Gourm    .   (no shield)
rNeg     + + +     Faith    .   k - +0 scale mail
rPois    ∞         Spirit   .   (no helmet)
rElec    .         Reflect  .   (no cloak)
rCorr    .         Harm     .   (no gloves)
MR       .....                  (no boots)
Stlth    ..........             (no amulet)
HPRegen  0.14/turn              (no ring)
MPRegen  0.09/turn              (no ring)

@: about to teleport
A: no food or potions, fire vulnerability, cold resistance 1, negative energy
resistance 3, torment resistance, unbreathing
a: Potion Petition, Call Merchant, Bribe Branch, Renounce Religion


You were on level 7 of the Dungeon.
You worshipped Gozag.
Gozag was aware of your devotion.
You were not hungry.

You visited 1 branch of the dungeon, and saw 5 of its levels.

You collected 367 gold pieces.
You paid 43 gold pieces to Gozag.

Inventory:

Hand Weapons
 a - a +0 flail
 b - a +0 blowgun (weapon)
Missiles
 l - 23 poisoned needles (quivered)
Armour
 k - a +0 scale mail (worn)
Scrolls
 c - 4 scrolls of identify {unknown}
 d - 2 scrolls of remove curse {unknown}
 e - a scroll of noise {unknown}
 f - 4 scrolls of teleportation
 g - a scroll of immolation {unknown}
 h - 3 scrolls of enchant armour {unknown}
 i - a scroll of fog {unknown}
 j - 2 scrolls of amnesia {unknown}


   Skills:
 + Level 4.2 Fighting
 + Level 2.9 Maces & Flails
 * Level 1.0 Throwing
 + Level 3.5 Armour
   Level 2.4 Shields


You had 4 spell levels left.
You didn't know any spells.
Your spell library was empty.

Dungeon Overview and Level Annotations

Branches:
Dungeon (4/15)
 Temple: D:4-7

Altars:
Gozag
Uskayaw
Zin


Innate Abilities, Weirdness & Mutations

You do not eat or drink.
Your flesh is vulnerable to fire.
You are immune to poison.
Your flesh is cold resistant. (rC+)
You are immune to negative energy. (rN+++)
You are immune to unholy pain and torment.
You can survive without breathing.


Message History

Press: ? - help, Shift-Dir - straight line, f/p - orc warrior
Aim: an orc warrior, wielding a halberd and wearing a plate armour (lightly You shoot a poisoned needle.
The poisoned needle barely misses the orc warrior.
Firing (i - inventory)
l - 24 poisoned needles (quivered)
Press: ? - help, Shift-Dir - straight line, f/p - orc warrior
Aim: an orc warrior, wielding a halberd and wearing a plate armour (lightly You shoot a poisoned needle.
The poisoned needle hits the orc warrior.
The orc warrior looks even sicker.
The orc warrior is lightly wounded.
An orc comes into view. It is wielding a flail.
The orc warrior hits you from afar with a halberd!
* * * LOW HITPOINT WARNING * * *
As you read the scroll labeled VEEQEE RODGH, it crumbles to dust.
You feel strangely unstable.
It was a scroll of teleportation.
The orc shouts!
The orc warrior hits you from afar with a halberd!
You die...
Your body crumbles into a pile of gold.

##########
#......@.#
#.....$$.+
#......o.#
#.....o..#
#####....#
#(...#
#(.o.#
#(...#


You could see an orc warrior and 2 orcs.

Vanquished Creatures
  2 hounds (D:4)
  6 adders
  A worm (D:3)
  4 dart slugs (D:1)
  3 leopard geckos
  2 ball pythons
  3 giant cockroaches
  12 goblins
  4 hobgoblins
  2 jackals (D:1)
  5 quokkas
  5 bats
  7 frilled lizards
  12 kobolds
  10 rats
  A fungus (D:2)
79 creatures vanquished.

Notes
Turn   | Place    | Note
-------+----------+-------------------------------------------
     0 | D:1      | corax the Mummy Fighter began the quest for the Orb.
     0 | D:1      | Reached XP level 1. HP: 18/18 MP: 1/1
    67 | D:1      | Reached XP level 2. HP: 24/24 MP: 2/2
   758 | D:1      | Reached XP level 3. HP: 27/29 MP: 3/3
  2163 | D:2      | Found an opulent altar of Gozag.
  2163 | D:2      | Found a glowing silver altar of Zin.
  2171 | D:2      | Found a hide-covered altar of Uskayaw.
  2174 | D:2      | Became a worshipper of Gozag Ym Sagoz the Greedy
  2218 | D:2      | Found a faded altar of an unknown god.
  2220 | D:2      | Found a faded altar of an unknown god.
  2378 | D:2      | Reached XP level 4. HP: 11/37 MP: 4/4
  3150 | D:3      | Reached skill level 4 in Fighting
  3240 | D:3      | Reached XP level 5. HP: 41/42 MP: 5/5
  3366 | D:4      | Noticed an ogre
  4043 | D:4      | Reached skill level 1 in Throwing
  4062 | D:4      | You fall through a shaft for 3 floors!
  4084 | D:7      | Noticed an orc warrior
  4091 | D:7      | Slain by an orc warrior

Vault maps used:
D:1:      ebering_hopf_link, st_stairs_10
D:2:      chequers_temple_overflow_minitemple, minmay_gold_behind_fungi
D:3:      wad_floor_pattern_untrapped
D:4:      old_standard_altar, gammafunk_temple_overflow_elements, serial_forest,
          infiniplex_forest_clump_medium, infiniplex_forest_clump_cross,
          infiniplex_forest_clump_large, infiniplex_forest_straight_3,
          infiniplex_forest_end_2, infiniplex_forest_corner_1,
          infiniplex_forest_end_2, infiniplex_forest_clump_curved,
          infiniplex_forest_clump_medium, first_ration, serial_bayou_lake_a
D:7:      uniq_joseph

Skill      XL: |  1  2  3  4  5 |
---------------+----------------+-----
Maces & Flails | 2 |  2.9
Armour         | 3 |  3.5
Fighting       | 4 |  4.2
Throwing       | 1 |  1.0
Shields        | |  2.4

Action                   |  1- 3 |  4- 6 || total
-------------------------+-------+-------++-------
Melee: Flail             |   209 |   110 ||   319
 Fire: Blowgun           |       |     5 ||     5
  Use: Scroll            |       |     1 ||     1
Armor: Scale mail        |    94 |    52 ||   146
Dodge: Dodged            |   108 |    67 ||   175

Table legend:
 A = Non-vault XP
 B = Vault XP
 C = Vault XP percentage of total XP
 D = Non-vault monster count
 E = Vault monster count
 F = Vault count percentage of total count
                 A         B        C        D         E       F
            +---------+---------+-------+---------+---------+-------
      Total |     282 |       8 |   2.8 |      74 |       4 |   5.1
            +---------+---------+-------+---------+---------+-------
        D:1 |      48 |       8 |  14.3 |      25 |       4 |  13.8
        D:2 |      47 |       0 |   0.0 |      24 |       0 |   0.0
        D:3 |      95 |       0 |   0.0 |      21 |       0 |   0.0
        D:4 |      88 |       0 |   0.0 |       2 |       0 |   0.0
        D:7 |       4 |       0 |   0.0 |       2 |       0 |   0.0
            +---------+---------+-------+---------+---------+-------
